 Dungeon Crawl Stone Soup version 0.16.1-28-gcc2312f (webtiles) character file.

956 Kidiri the Firebug (level 8, 0/45 HPs)
             Began as a Gargoyle Fire Elementalist on May 28, 2015.
             Engulfed by a cloud of flame (16 damage)
             ... on level 4 of the Dungeon.
             The game lasted 00:33:17 (5082 turns).

Kidiri the Firebug (Gargoyle Fire Elementalist)     Turns: 5082, Time: 00:33:18

Health: 0/45       AC: 11    Str: 12    XL:     8   Next: 14%
Magic:  10/17      EV: 12    Int: 18    God:
Gold:   250        SH:  0    Dex: 10    Spells: 5 memorised, 1 level left

rFire  . . .     SeeInvis .     r - +3 hand axe (flame)
rCold  + + .     Clarity  .     a - +1 robe
rNeg   + . .     SustAb   .     (no shield)
rPois  ∞         Gourm    .     (no helmet)
rElec  +         Spirit   .     j - +1 cloak
rCorr  .         Warding  .     i - +0 pair of gloves
rMut   .         Stasis   .     (no boots)
MR     .....                    (no amulet)
Stlth  ++........               o - ring of protection from cold
                                f - ring of protection from cold

@: not resistant to hostile enchantments, unstealthy
A: negative energy resistance 1, electricity resistance, unbreathing,
petrification resistance, rot immunity, AC +5
a: no special abilities


You were on level 4 of the Dungeon.
You were very hungry.

You visited 1 branch of the dungeon, and saw 4 of its levels.
You also visited: Ossuary.

You collected 250 gold pieces.

Inventory:

Hand weapons
 h - a cursed +0 short sword
 r - a +3 hand axe of flaming (weapon)
Armour
 a - a +1 robe (worn)
 i - a +0 pair of gloves (worn)
 j - a +1 cloak (worn)
Jewellery
 d - a cursed ring of teleportation
 f - a ring of protection from cold (left hand)
 n - a cursed amulet of faith
 o - a ring of protection from cold (right hand)
Scrolls
 m - a scroll of magic mapping {unknown}
 s - 2 scrolls of identify
 v - 2 scrolls of immolation {unknown}
 y - a scroll of brand weapon {unknown}
 B - 2 scrolls of noise
Potions
 e - 5 potions of curing
 g - 2 potions of brilliance {unknown}
 k - 2 potions of cancellation {unknown}
 l - a potion of magic {unknown}
 q - a potion of invisibility {unknown}
 t - a potion of heal wounds {unknown}
 u - 3 potions of agility {unknown}
 w - a potion of resistance {unknown}
 x - 2 potions of berserk rage {unknown}
 z - a potion of lignification {unknown}
 A - a potion of cure mutation {unknown}
Books
 b - a book of Flames

   Spells                             Type                      Level
   a - Flame Tongue                   Conjuration/Fire             1
   b - Throw Flame                    Conjuration/Fire             2
   c - Conjure Flame                  Conjuration/Fire             3
   d - Inner Flame                    Hexes/Fire                   3
   e - Sticky Flame                   Conjuration/Fire             4
   f - Fireball                       Conjuration/Fire             5
Comestibles
 c - 3 bread rations


   Skills:
 + Level 2.5 Fighting
 - Level 0.1 Short Blades
 + Level 2.0 Axes
 + Level 2.9 Dodging
 + Level 4.5 Stealth
 * Level 3.7 Spellcasting
 * Level 4.5 Conjurations
 * Level 5.1 Fire Magic


You had one spell level left.
You knew the following spells:

 Your Spells              Type           Power        Failure   Level  Hunger
a - Flame Tongue          Conj/Fire      ###..        1%          1    None
b - Throw Flame           Conj/Fire      ###...       3%          2    ##.....
c - Conjure Flame         Conj/Fire      ###.....     10%         3    ###....
d - Inner Flame           Hex/Fire       ##......     21%         3    ###....
e - Sticky Flame          Conj/Fire      ###.....     24%         4    ####...


Dungeon Overview and Level Annotations

Branches:
Dungeon (4/15)
 Temple: D:4-7

Altars:
Ashenzari


Innate Abilities, Weirdness & Mutations

You are resistant to torment.
You are immune to poison.
Your stone body is very resilient (AC +5).
You resist negative energy.
You are resistant to electric shocks.
You can survive without breathing.
You are immune to petrification.
You are immune to rotting.


Message History

The puff of flame hits the orc.
You kill the orc!
The orc misses you. The orc hits you but does no damage.
Casting: Throw Flame
Confirm with . or Enter, or press ? or * to list all spells.
Aiming: Flame Tongue
Press: ? - help, Shift-Dir - straight line, f/p - orc
Aim: an orc, wielding a mace (severely wounded, inner flame)
The flame tongue hits the orc.
The orc explodes!
The fiery explosion engulfs the orc.
You kill the orc!
The fiery explosion engulfs the orc.
You kill the orc!
The fiery explosion engulfs the orc.
You kill the orc!
The fiery explosion engulfs you!
Ouch! That really hurt!
You are engulfed in roaring flames.
You die...

...###+#
#.#...#..##...#..
........ .
#.#...#+###...#..
........
...#+###.+...+.......#..
.....>.
........#'#...#..##...#..
##+###+
#..........#..##...#..
+..........+....†..#..
#...§§§....#..##...+.. #
##+#))§.#+##..##...#.. +
#§@§.# #...#....#.. #
+....+ ...+....#.. #
#....# #..#....#.. .
...###+##..##...#.. .
....#.......###'##..
.....+.......'....+..
......###.##..##...#..
...#+## #.##..##.###..
.... +.....##+#....


There were no monsters in sight!

Vanquished Creatures
  A scorpion (D:4)
  3 bog bodies (Ossuary)
  A centaur zombie (Ossuary)
  4 giant frog zombies (Ossuary)
  2 orc priests (D:3)
  3 orc wizards
  A worker ant (D:3)
  A killer bee zombie (Ossuary)
  4 hound zombies (Ossuary)
  Terence (D:2)
  17 mummies
  2 worker ant zombies (Ossuary)
  2 adders
  A giant mite (D:3)
  A worm (D:2)
  3 adder zombies (Ossuary)
  An ooze (D:1)
  14 orcs
  2 ball pythons
  2 bat zombies (Ossuary)
  3 giant cockroaches
  4 hobgoblins
  2 jackals (D:2)
  10 kobolds
  9 bats
  A giant cockroach zombie (Ossuary)
  3 giant geckos
  6 giant newts
  5 goblins
  A hobgoblin zombie (D:4)
  A kobold zombie (D:4)
  4 quokkas
  2 quokka zombies (Ossuary)
  9 rats
126 creatures vanquished.

Vanquished Creatures (others)
  A plant (Ossuary)
1 creature vanquished.

Grand Total: 127 creatures vanquished

Notes
Turn   | Place    | Note
--------------------------------------------------------------
     0 | D:1      | Kidiri, the Gargoyle Fire Elementalist, began the quest for the Orb.
     0 | D:1      | Reached XP level 1. HP: 10/10 MP: 3/3
   325 | D:1      | Reached XP level 2. HP: 15/15 MP: 2/4
   353 | D:1      | Learned a level 2 spell: Throw Flame
  1445 | D:2      | Reached XP level 3. HP: 13/20 MP: 0/6
  1450 | D:2      | Learned a level 3 spell: Conjure Flame
  2662 | D:3      | Reached XP level 4. HP: 22/24 MP: 1/7
  2666 | D:3      | Noticed Terence
  2851 | D:2      | Killed Terence
  3040 | D:3      | Reached skill level 1 in Fighting
  3040 | D:3      | Reached XP level 5. HP: 25/29 MP: 0/9
  3367 | D:3      | Reached skill level 4 in Fire Magic
  3367 | D:3      | Reached XP level 6. HP: 32/34 MP: 7/11
  3372 | D:3      | Learned a level 3 spell: Inner Flame
  3573 | D:4      | Found a shattered altar of Ashenzari.
  3642 | D:4      | Reached skill level 1 in Axes
  3892 | D:4      | Found a sand-covered staircase.
  3953 | Ossuary  | Entered an ossuary
  4042 | Ossuary  | Reached XP level 7. HP: 25/39 MP: 0/14
  4674 | Ossuary  | Reached skill level 5 in Fire Magic
  4674 | Ossuary  | Reached XP level 8. HP: 32/45 MP: 0/17
  4680 | Ossuary  | Learned a level 4 spell: Sticky Flame
  5082 | D:4      | Engulfed by a cloud of flame

Action                   |  1- 3 |  4- 6 |  7- 9 || total
-------------------------+-------+-------+-------++-------
Melee: Club              |    25 |       |       ||    25
       Unarmed           |     4 |       |       ||     4
       Short sword       |    92 |    16 |       ||   108
       Hand axe          |       |   110 |    90 ||   200
Throw: Stone             |       |     2 |       ||     2
 Cast: Flame Tongue      |    47 |    49 |    28 ||   124
       Throw Flame       |     4 |     4 |     7 ||    15
       Conjure Flame     |     1 |     5 |     7 ||    13
       Inner Flame       |       |       |     4 ||     4
  Use: Scroll            |    10 |     1 |     2 ||    13
       Potion            |       |     1 |       ||     1
 Stab: Sleeping          |     1 |       |       ||     1
  Eat: Chunk             |     7 |     3 |       ||    10
       Beef jerky        |       |     1 |       ||     1
       Meat ration       |       |     1 |       ||     1
